[ AOE2 MATCH · #513654141 ]
UnrankedGoths vs Goths
Player's team · WIN
Rival team · LOSS
[ REPLAY ANALYSIS · EXTRACTED FROM THE RECORDED GAME ]
Feudal
9:10
Castle
—
Imperial
—
| APM avg | 54.2 |
| APM peak | 79 |
| eAPM avg | 26.5 |
| Villagers / military | 31 / 5 |
Focus
⚔️ 34.7% · 🌾 65.3%
Militia ×5
Feudal
12:12
Castle
—
Imperial
—
| APM avg | 43.7 |
| APM peak | 68 |
| eAPM avg | 18.6 |
| Villagers / military | 30 / 5 |
Focus
⚔️ 25.0% · 🌾 75.0%
Militia ×5
Match map
Initial resources + every placement click. Lines = walls · curves = elevation contours. ◆ gold · ⬟ stone · ● berries · ✦ relic · ◌ wall gap
Your base· Open — unwalled flank
Istoleyourratings's base· Open — unwalled flank
Smoothed initial terrain · ◌ = detected wall gap · hover for details
Inputs per minute
— hro_ros - - Istoleyourratings
Build order — hro_ros
56 actions detected in the replay
| 0:00 | Queue | Villager (Male) ×4 |
| 0:02 | Build | House |
| 0:03 | Build | House |
| 1:32 | Queue | Villager (Male) |
| 1:56 | Queue | Villager (Male) |
| 2:25 | Queue | Villager (Male) |
| 2:41 | Build | Lumber Camp |
| 2:48 | Queue | Villager (Male) |
| 2:59 | Queue | Villager (Male) |
| 3:09 | Queue | Villager (Male) |
| 3:13 | Build | House |
| 3:33 | Queue | Villager (Male) |
| 3:49 | Queue | Villager (Male) |
| 4:20 | Queue | Villager (Male) |
| 4:47 | Queue | Villager (Male) |
| 5:32 | Build | Barracks |
| 5:40 | Build | House |
| 5:43 | Queue | Villager (Male) |
| 6:00 | Research | Loom |
| 6:04 | Queue | Villager (Male) |
| 6:05 | Research | Loom |
| 6:20 | Build | Palisade Wall |
| 7:01 | Research | Feudal Age |
| 7:25 | Queue | Militia |
| 7:44 | Queue | Militia |
| 8:10 | Queue | Villager (Male) |
| 8:33 | Build | Mining Camp |
| 8:40 | Build | Mill |
| 8:41 | Queue | Villager (Male) |
| 9:04 | Queue | Militia |
| 9:10 | Age | Feudal Age |
| 9:37 | Queue | Villager (Male) |
| 9:39 | Build | Farm |
| 9:40 | Build | Farm |
| 9:42 | Queue | Villager (Male) |
| 9:47 | Research | Man-at-Arms (upgrade) |
| 9:54 | Queue | Villager (Male) |
| 9:55 | Build | House |
| 10:11 | Build | Farm |
| 10:27 | Queue | Villager (Male) |
| 10:52 | Build | Farm |
| 10:54 | Build | Farm |
| 11:00 | Queue | Villager (Male) |
| 11:02 | Queue | Villager (Male) |
| 11:06 | Queue | Militia |
| 11:21 | Build | Watch Tower |
| 11:22 | Queue | Villager (Male) |
| 11:39 | Build | Watch Tower |
| 11:43 | Queue | Villager (Male) |
| 11:45 | Queue | Militia |
| 12:20 | Queue | Villager (Male) |
| 12:21 | Queue | Villager (Male) |
| 12:48 | Queue | Villager (Male) |
| 12:49 | Queue | Villager (Male) |
| 12:50 | Build | House |
| 13:15 | Queue | Villager (Male) |
Build order — Istoleyourratings
60 actions detected in the replay
| 0:01 | Queue | Villager (Male) |
| 0:01 | Queue | Villager (Male) |
| 0:01 | Queue | Villager (Male) |
| 0:01 | Queue | Villager (Male) |
| 0:02 | Queue | Villager (Male) |
| 0:03 | Build | House |
| 0:04 | Build | House |
| 0:12 | Research | Loom |
| 0:13 | Queue | Villager (Male) |
| 0:13 | Queue | Villager (Male) |
| 0:13 | Queue | Villager (Male) |
| 0:13 | Queue | Villager (Male) |
| 0:13 | Queue | Villager (Male) |
| 1:31 | Queue | Villager (Male) |
| 1:31 | Queue | Villager (Male) |
| 2:00 | Queue | Villager (Male) |
| 2:30 | Queue | Villager (Male) |
| 2:30 | Queue | Villager (Male) |
| 3:02 | Queue | Villager (Male) |
| 3:06 | Queue | Villager (Male) |
| 3:06 | Queue | Villager (Male) |
| 3:30 | Build | Barracks |
| 3:36 | Build | Barracks |
| 3:41 | Queue | Villager (Male) |
| 4:06 | Build | House |
| 4:09 | Queue | Villager (Male) |
| 4:25 | Queue | Militia |
| 4:25 | Queue | Militia |
| 4:46 | Queue | Villager (Male) |
| 5:03 | Queue | Villager (Male) |
| 5:17 | Queue | Militia |
| 5:26 | Queue | Villager (Male) |
| 5:37 | Build | House |
| 5:55 | Queue | Militia |
| 5:55 | Queue | Militia |
| 6:38 | Queue | Villager (Male) |
| 6:43 | Build | Lumber Camp |
| 7:01 | Queue | Villager (Male) |
| 7:33 | Queue | Villager (Male) |
| 7:56 | Build | Mill |
| 8:12 | Queue | Villager (Male) |
| 8:29 | Build | House |
| 8:33 | Queue | Villager (Male) |
| 9:46 | Build | Mining Camp |
| 10:02 | Research | Feudal Age |
| 10:09 | Build | House |
| 10:14 | Build | Palisade Wall |
| 10:16 | Build | Palisade Wall |
| 10:25 | Build | Palisade Wall |
| 10:38 | Build | Palisade Wall |
| 10:42 | Build | House |
| 10:46 | Build | Palisade Wall |
| 11:04 | Build | Palisade Wall |
| 11:35 | Build | Palisade Wall |
| 11:37 | Build | Palisade Wall |
| 11:39 | Build | Palisade Wall |
| 12:12 | Age | Feudal Age |
| 12:19 | Queue | Villager (Male) |
| 12:31 | Build | Archery Range |
| 12:58 | Queue | Villager (Male) |
Match timeline
| 3:30 | Istoleyourratings · first_building Barracks |
| 5:32 | hro_ros · first_building Barracks |
| 6:20 | hro_ros · wall_segment Palisade Wall x1 |
| 9:10 | hro_ros · age_up feudal |
| 10:14 | Istoleyourratings · wall_segment Palisade Wall x1 |
| 10:16 | Istoleyourratings · wall_segment Palisade Wall x1 |
| 10:25 | Istoleyourratings · wall_segment Palisade Wall x1 |
| 10:38 | Istoleyourratings · wall_segment Palisade Wall x1 |
| 10:46 | Istoleyourratings · wall_segment Palisade Wall x1 |
| 11:04 | Istoleyourratings · wall_segment Palisade Wall x1 |
| 11:35 | Istoleyourratings · wall_segment Palisade Wall x1 |
| 11:37 | Istoleyourratings · wall_segment Palisade Wall x1 |
| 11:39 | Istoleyourratings · wall_segment Palisade Wall x1 |
| 12:12 | Istoleyourratings · age_up feudal |
| 12:31 | Istoleyourratings · first_building Archery Range |
| 13:15 | Istoleyourratings · resign |
[ AI ANALYSIS · 1 CREDIT ]
What really happened in this match?
Wolo.gg analyzes every decision: build order, eco, micro, common mistakes by bracket. Personalized analysis on WhatsApp or Discord in 30 seconds.
Civ guide
Goths
Perfil
Jugador #547067